 Dungeon Crawl Stone Soup version 0.29-a0-341-g24ffce5b50 (webtiles) character file.

Game seed: 995575067836823199

30 spaghetti the Magician (level 2, -1/20 HPs)
             Began as a Demigod Hedge Wizard on Apr 20, 2022.
             Slain by a worm (2 damage)
             ... on level 1 of the Dungeon.
             The game lasted 00:01:47 (1230 turns).

spaghetti the Magician (Demigod Hedge Wizard)       Turns: 1230, Time: 00:01:47

Health: -1/20      AC:  6    Str: 11    XL:     2   Next: 87%
Magic:  5/8        EV: 12    Int: 16    God:
Gold:   53         SH:  0    Dex: 13    Spells: 6/7 levels left

rFire   . . .      SeeInvis .   a - +0 dagger {short}
rCold   . . .      Faith    .   (no shield)
rNeg    . . .      Spirit   .   b - +0 robe
rPois   .          Reflect  .   o - +0 helmet
rElec   .          Harm     .   (no cloak)
rCorr   +          Rampage  .   n - +2 pair of gloves
Will    .....                   (no boots)
Stlth   ++........              k - amulet of the acrobat
HPRegen 0.06/turn               h - ring of resist corrosion
MPRegen 0.11/turn               (no ring)

@: on berserk cooldown, slowed, very slow
A: high MP 1, forlorn, divine attributes
a: no special abilities


You were on level 1 of the Dungeon.
You visited 1 branch of the dungeon, and saw 2 of its levels.

You collected 53 gold pieces.


Innate Abilities, Weirdness & Mutations

You have an increased reservoir of magic. (+10% MP)
You shall have no god before yourself.
Your divine heritage dramatically boosts your attributes as you level up.


   Skills:
 - Level 1.7 Dodging
 - Level 1.7 Stealth
 + Level 3.1 Spellcasting
 - Level 2.2 Conjurations
 - Level 0.8 Summonings
 - Level 0.8 Translocations


You had 6 spell levels left.
You knew the following spells:

 Your Spells              Type           Power      Damage    Failure   Level
a - Magic Dart            Conj           36%        1d4       8%          1

Your spell library contained the following spells:

 Spells                   Type           Power      Damage    Failure   Level
 Slow                     Hex            8%         N/A       19%         1
 Blink                    Tloc           10%        N/A       21%         2
 Call Imp                 Summ           5%         N/A       21%         2
 Conjure Flame            Conj/Fire      6%         6-21      34%         3
 Mephitic Cloud           Conj/Pois/Air  4%         N/A       38%         3

Inventory:

Hand Weapons
 a - a +0 dagger (weapon) {short}
Missiles
 e - 32 stones {throwing}
Armour
 b - a +0 robe (worn)
 c - a +0 hat
 n - a +2 pair of gloves (worn)
   (You found it on level 1 of the Dungeon)
 o - a +0 helmet (worn)
   (You found it on level 1 of the Dungeon)
Jewellery
 h - a ring of resist corrosion (left hand)
   (You found it on level 1 of the Dungeon)
 k - an amulet of the acrobat (around neck)
   (You found it on level 1 of the Dungeon)
Scrolls
 f - a scroll of teleportation {unknown}
 g - 2 scrolls of identify {unknown}
 l - a scroll of immolation {unknown}
Potions
 d - a potion of magic
 i - a potion of curing {@q1}
 m - a potion of resistance {unknown}

Dungeon Overview and Level Annotations

Branches:
Dungeon (2/15)

Annotations:
D:2 Terence

....# #.....#.##.#
....########## ###.#.#.##.#
.............# #.#.#.##.#
.............# #.#.#.##.#
#+#..........#######.#.#.##)#
#.#.#########........#.#.##.#
#.#.#########.#####..รท..[##.#
#.#...............+......##.#
...............w@##......##.#
#.#..................#'#....#
#.###########...######.######
#.......#####............#
........#.......###......#
........#.....#.###......#
........#######..........#
......................####
.......#########......#


You could see a worm.


Message History

You climb downwards.
There is a stone staircase leading up here.
Terence is nearby! ๐Ÿ˜• HP[+1] Unknown command.
Unknown command.
Terence is nearby!
Terence is nearby!
Terence is nearby!
Terence shouts!
You hit Terence but do no damage.
A worm comes into view.
Terence barely misses you.
Casting: Magic Dart (safe; 8% risk of failure)
Confirm with . or Enter, or press ? or * to list all spells.
Aiming: Magic Dart (safe; 8% risk of failure)
Press: ? - help, Shift-Dir - straight line, f - Terence
Aim: Terence, wielding a +4 flail of protection and wearing a +0 scale mail (100% to hit)
The magic dart hits Terence but does no damage.
Terence hits you with a +4 flail of protection. ๐Ÿ˜• HP[-3] MP[-1]
You take 3 damage, and now have 16/20 hp.
You lost 1 mp, and now have 7/8 mp.
Casting: Magic Dart (safe; 8% risk of failure)
Confirm with . or Enter, or press ? or * to list all spells.
Aiming: Magic Dart (safe; 8% risk of failure)
Press: ? - help, Shift-Dir - straight line, f/p - Terence
Aim: Terence, wielding a +4 flail of protection and wearing a +0 scale mail (100% to hit)
The magic dart hits Terence but does no damage.
Terence closely misses you. ๐Ÿ˜• MP[-1]
You lost 1 mp, and now have 6/8 mp.
Casting: Magic Dart (safe; 8% risk of failure)
Confirm with . or Enter, or press ? or * to list all spells.
Aiming: Magic Dart (safe; 8% risk of failure)
Press: ? - help, Shift-Dir - straight line, f/p - Terence
Aim: Terence, wielding a +4 flail of protection and wearing a +0 scale mail (100% to hit)
The magic dart hits Terence.
Terence hits you with a +4 flail of protection!
* * * LOW HITPOINT WARNING * * *
๐Ÿ˜จ HP[-7] MP[-1]
You take 7 damage, and now have 9/20 hp.
MASSIVE DAMAGE!! (PAUSE)
You lost 1 mp, and now have 5/8 mp.
It was a potion of berserk rage.
A red film seems to cover your vision as you go berserk!
You feel yourself moving faster!
You feel mighty! Terence barely misses you. ๐Ÿ˜จ HP[+5]
You now have 30 max hp (+10).
You regained 5 hp, and now have 14/30 hp.
You closely miss Terence.
Terence says, "Rest in peace."
Terence hits you but does no damage.
You hit Terence. You hit Terence but do no damage.
Terence hits you with a +4 flail of protection.
* * * LOW HITPOINT WARNING * * *
๐Ÿ˜จ HP[-2]
You take 2 damage, and now have 12/30 hp.
You barely miss Terence. Terence looks scornfully at you.
Terence hits you but does no damage.
You hit Terence but do no damage. You hit Terence but do no damage.
Terence hits you with a +4 flail of protection!
* * * LOW HITPOINT WARNING * * *
The worm closely misses you. ๐Ÿ˜ฑ HP[-8]
You take 8 damage, and now have 4/30 hp.
MASSIVE DAMAGE!! (PAUSE) Unknown command.
You barely miss Terence. Terence closely misses you.
Unknown command.
Unknown command.
There is a stone staircase leading up here. ๐Ÿ˜ฑ MP[+1]
You feel a strong urge to attack something.
You climb upwards.
There is a stone staircase leading down here.
Unknown command.
Unknown command.
You puncture the worm!
The worm bites you but does no damage. ๐Ÿ˜ฑ HP[+1]
You barely miss the worm.
You are no longer berserk.
You are exhausted.
You feel yourself slow down. ๐Ÿ˜ฑ HP[-2]
You now have 20 max hp (-10).
You hit the worm. The worm bites you.
* * * LOW HITPOINT WARNING * * *
๐Ÿ˜ฑ HP[-2]
You take 2 damage, and now have 1/20 hp.
Casting: Magic Dart (safe; 8% risk of failure)
Confirm with . or Enter, or press ? or * to list all spells.
Aiming: Magic Dart (safe; 8% risk of failure)
Press: ? - help, Shift-Dir - straight line, f - worm
Aim: a worm (severely wounded, 100% to hit)
The magic dart hits the worm.
The worm bites you.
You die...

Skill      XL: |  1  2 |
---------------+-------+-----
Conjurations   | 2 |  2.2
Spellcasting   | 3 |  3.1
Dodging        | |  1.7
Stealth        | |  1.7
Summonings     | |  0.8
Translocations | |  0.8

Action                   || total
-------------------------++-------
Melee: Dagger            ||    22
 Cast: Magic Dart        ||    59
  Use: Potion            ||     2
Armor: Robe              ||     9
Dodge: Dodged            ||    21

Levels and vault maps discovered:
D:1:      dpeg_arrival_pond, layout_basic, hellmonk_ecumenical_altar_run_dry
D:2:      layout_rooms, uniq_terence, uniq_natasha

Notes
Turn   | Place    | Note
-------+----------+-------------------------------------------
     0 | D:1      | spaghetti the Demigod Hedge Wizard began the quest for the
                  | Orb.
     0 | D:1      | Reached XP level 1. HP: 14/14 MP: 6/6
     0 | D:1      | magus.rc [v1.9.6]
   126 | D:1      | Reached skill level 1 in Conjurations
   689 | D:1      | Reached skill level 2 in Conjurations
   689 | D:1      | Reached XP level 2. HP: 20/20 MP: 4/8
  1118 | D:2      | Reached skill level 3 in Spellcasting
  1210 | D:2      | Noticed Terence
  1222 | D:2      | HP: 4/30 [Terence/+4 flail of protection (8)]
  1229 | D:1      | HP: 1/20 [worm (2)]
  1230 | D:1      | Slain by a worm

Vanquished Creatures
  An adder (D:2)
  2 dart slugs (D:1)
  3 endoplasms (D:1)
  A giant cockroach (D:2)
  A goblin (D:1)
  A hobgoblin (D:2)
  2 kobolds (D:1)
  2 quokkas (D:1)
  A ball python (D:1)
  2 rats (D:1)
16 creatures vanquished.

Table legend:
 A = Non-vault XP
 B = Vault XP
 C = Vault XP percentage of total XP
 D = Non-vault monster count
 E = Vault monster count
 F = Vault count percentage of total count
                 A         B        C        D         E       F
            +---------+---------+-------+---------+---------+-------
      Total |      44 |       0 |   0.0 |      16 |       0 |   0.0
            +---------+---------+-------+---------+---------+-------
        D:1 |      27 |       0 |   0.0 |      13 |       0 |   0.0
        D:2 |      17 |       0 |   0.0 |       3 |       0 |   0.0
            +---------+---------+-------+---------+---------+-------

Illustrated notes

Table legend:
 A = Kills in this place as a percentage of kills in entire the game.
 B = Kills by you in this place as a percentage of kills by you in the entire game.
 C = Kills by friends in this place as a percentage of kills by friends in the entire game.
 D = Other kills in this place as a percentage of other kills in the entire game.
 E = Experience gained in this place as a percentage of experience gained in the entire game.
 F = Experience gained in this place divided by the number of levels of this place that you have seen.
                   A       B       C       D       E      F
               +-------+-------+-------+-------+-------+----------------------
         Total | 100.0 | 100.0 |   N/A |   N/A | 100.0 |  22.0
       Dungeon | 100.0 | 100.0 |   N/A |   N/A | 100.0 |  22.0
               +-------+-------+-------+-------+-------+----------------------

Table legend: (Time is in decaauts)
 A = Elapsed time spent in this place.
 B = Non-inter-level travel time spent in this place.
 C = Inter-level travel time spent in this place.
 D = Time resting spent in this place.
 E = Time spent auto-exploring this place.
 F = Levels seen in this place.
 G = Mean time per level.
                   A        B        C        D        E       F      G
               +--------+--------+--------+--------+--------+-----+--------+
         Total |   1227 |   1144 |     83 |      8 |    982 |   2 |  613.5 |
       Dungeon |   1227 |   1144 |     83 |      8 |    982 |   2 |  613.5 |
               +--------+--------+--------+--------+--------+-----+--------+

Top non-repeatable levels by time:
     D:1: 1193 daAuts
     D:2: 33 daAuts
